Map: [G8] Altitude

Players

Solar - Winner!

  • Race: Zerg Zerg
  • Spawn Location: 1:00

herO

  • Race: Protoss Protoss
  • Spawn Location: 7:00

Event: Gamers8 2023

VOD

Have the link to the VOD?

Description

Time

  • Played on: Aug. 4, 2023, 3:03 p.m.
  • Length: 14:21

All games in this series

Show
View Real Time Build Order
Export as new Build Order

Solar Zerg - Winner!

Build Orders: Hatch First, Lurkers 

Get SALT Encoding   

  12  0:00  Drone  
  13  0:11  Overlord  
  13  0:17  Drone  
  14  0:31  Drone x2  
  16  0:48  Hatchery  
  15  0:52  Drone  
  15  0:56  Drone  
  17  0:59  Drone  
  18  1:11  Extractor  
  18  1:15  Spawning Pool  
  18  1:18  Drone  
  17  1:21  Drone  
  18  1:27  Drone  
  19  1:39  Drone  
  20  1:49  Drone  
  21  2:01  Queen x2  
  21  2:02  Zergling x2  
  21  2:03  Overlord  
  26  2:11  Drone x2  
  26  2:14  Metabolic Boost  
  28  2:22  Drone x2  
  30  2:34  Hatchery  
  30  2:36  Drone  
  30  2:43  Queen  
  32  2:48  Overlord  
  32  2:53  Drone x2  
  32  2:54  Drone  
  32  2:57  Drone  
  36  3:06  Queen  
  36  3:09  Drone x3  
  36  3:11  Drone  
  42  3:15  Overlord  
  42  3:20  Queen  
  42  3:24  Overlord  
  44  3:36  Drone x2  
  44  3:38  Zergling x2  
  44  3:39  Overlord  
  47  3:43  Queen  
  47  3:46  Drone x5  
  54  3:51  Queen  
  54  3:54  Spore Crawler  
  55  3:56  Overlord  
  55  4:02  Queen  
  55  4:05  Drone  
  55  4:07  Zergling x2  
  55  4:08  Zergling x2  
  62  4:10  Zergling x4  
  62  4:11  Drone  
  62  4:16  Drone  
  62  4:17  Drone x3  
  66  4:20  Overlord  
  66  4:22  Drone  
  68  4:30  Drone x5  
  73  4:31  Evolution Chamber  
  73  4:35  Spore Crawler, Drone  
  73  4:37  Drone x2  
  74  4:40  Drone x2  
  74  4:41  Drone  
  76  4:46  Drone  
  76  4:52  Zergling x10  
  82  4:53  Extractor  
  82  4:57  Zerg Melee Weapons Level 1, Overlord  
  82  4:58  Overlord  
  81  5:03  Drone  
  81  5:07  Hatchery  
  81  5:08  Drone  
  81  5:13  Overlord  
  81  5:14  Lair  
  81  5:16  Extractor  
  81  5:17  Extractor x2  
  81  5:19  Zergling x8  
  81  5:20  Drone  
  83  5:23  Drone x2  
  83  5:27  Drone x2  
  87  5:28  Drone  
  87  5:29  Drone  
  87  5:30  Baneling Nest  
  87  5:31  Drone  
  87  5:32  Drone  
  87  5:33  Drone  
  87  5:34  Drone  
  87  5:35  Drone  
  91  5:37  Drone  
  91  5:38  Drone  
  91  5:42  Drone  
  94  5:45  Drone x2  
  94  5:48  Overlord  
  95  5:51  Zergling x4  
  95  5:53  Overlord  
  97  5:58  Zergling x8  
  97  6:03  Zergling x2  
  100  6:05  Zergling x6  
  100  6:08  Zergling x4  
  100  6:10  Overlord  
  105  6:14  Overseer  
  105  6:17  Hydralisk Den  
  105  6:18  Drone x3  
  107  6:19  Zergling x2  
  107  6:20  Zergling x4  
  107  6:22  Zergling x2  
  111  6:26  Zergling x6  
  111  6:30  Zergling x2  
  114  6:33  Zergling x8  
  114  6:38  Hatchery  
  114  6:39  Zergling x4  
  116  6:42  Overlord, Zergling x2  
  118  6:47  Zergling x10  
  118  6:49  Grooved Spines  
  118  6:52  Drone  
  123  6:54  Infestation Pit, Hydralisk x3  
  123  6:55  Hydralisk  
  123  6:56  Drone  
  123  6:57  Zerg Melee Weapons Level 2  
  131  7:02  Drone x5  
  131  7:08  Extractor, Drone x5  
  139  7:09  Extractor, Lurker Den  
  139  7:12  Evolution Chamber  
  139  7:14  Overlord  
  136  7:19  Overlord  
  136  7:21  Overlord  
  136  7:22  Overlord  
  136  7:24  Overlord  
  136  7:28  Hydralisk  
  136  7:29  Overlord  
  136  7:31  Pneumatized Carapace, Overlord  
  136  7:32  Overseer  
  136  7:33  Hydralisk x2  
  136  7:34  Drone  
  141  7:39  Hive  
  141  7:40  Hydralisk  
  141  7:42  Drone x2  
  142  7:46  Hydralisk x3  
  145  7:51  Extractor  
  145  7:52  Drone x5  
  145  7:55  Zerg Missile Weapons Level 1  
  145  7:56  Centrifugal Hooks  
  148  7:59  Overseer, Drone x2  
  148  8:05  Hydralisk x3  
  150  8:07  Overlord  
  150  8:09  Zergling x6  
  150  8:11  Zergling x2  
  150  8:12  Zergling x2  
  157  8:15  Drone x2  
  157  8:20  Hydralisk x2  
  157  8:21  Zergling x10  
  157  8:24  Overlord  
  165  8:28  Zergling x12  
  169  8:36  Zergling x18  
  169  8:40  Spine Crawler  
  177  8:42  Drone x2  
  177  8:43  Spine Crawler  
  173  8:49  Muscular Augments  
  173  8:53  Seismic Spines, Adrenal Glands  
  173  8:56  Spine Crawler, Drone  
  173  8:58  Baneling  
  173  8:59  Baneling x3  
  173  9:04  Lurker x6  
  173  9:08  Hydralisk x2  
  183  9:13  Extractor, Drone x2  
  183  9:14  Extractor, Spine Crawler, Spore Crawler  
  180  9:20  Zerg Ground Armor Level 1, Lurker  
  181  9:25  Zergling x4  
  181  9:28  Baneling x7  
  182  9:33  Lurker  
  182  9:38  Drone x2  
  185  9:40  Hydralisk x3  
  185  9:45  Zergling x8  
  193  9:50  Adaptive Talons  
  193  9:51  Lurker x3  
  196  9:54  Zergling x6  
  199  10:01  Baneling x2  
  199  10:04  Hatchery  
  192  10:20  Hydralisk x3  
  193  10:21  Zergling x14  
  193  10:22  Zergling x10  
  193  10:23  Zergling x6  
  193  10:24  Zergling x6  
  198  10:32  Hydralisk x3  
  199  10:36  Zerg Missile Weapons Level 2  
  199  10:38  Hydralisk  
  193  10:45  Baneling x14  
  193  10:49  Zergling x14  
  199  10:52  Hydralisk x4  
  199  10:55  Hydralisk  
  196  11:00  Zergling x24  
  195  11:21  Zerg Ground Armor Level 2  
  185  11:27  Lurker x11  
  185  11:28  Hydralisk  
  185  11:29  Zergling x10  
  199  11:33  Zergling x2  
  199  11:37  Zergling x8  
  199  11:39  Overseer  
  198  11:41  Drone x2  
  198  11:42  Zergling x2  
  198  11:45  Hydralisk  
  199  11:51  Spire  
  199  11:53  Hydralisk  
  198  11:54  Hydralisk  
  198  11:55  Hydralisk x2  
  198  11:58  Hydralisk x4  
  198  12:00  Overseer, Hydralisk x3  
  199  12:02  Zergling x4  
  199  12:03  Hydralisk x2  
  199  12:04  Zergling x8  
  199  12:05  Hydralisk  
  199  12:06  Zergling x6  
  200  12:14  Zergling x2  
  199  12:34  Hydralisk x3  
  199  12:35  Zergling x8  
  200  12:49  Hydralisk x5  
  195  12:53  Hydralisk x6  
  195  12:54  Zergling x2  
  185  12:58  Hydralisk x7  
  185  12:59  Hydralisk x2  
  187  13:08  Hydralisk x8  
  187  13:11  Zergling x2  
  200  13:30  Extractor  
  199  13:34  Extractor  
  199  13:39  Zergling x4  
  197  13:50  Viper x2  
  197  13:51  Corruptor x3  
Show
View Real Time Build Order
Export as new Build Order

herO Protoss 

Build Orders: 1 Gate Expand, Oracle Opening, Carriers 

Get SALT Encoding   

  12  0:00  Probe  
  13  0:12  Probe  
  14  0:17  Pylon  
  14  0:24  Probe (Chrono Boost)  
  15  0:29  Assimilator  
  16  0:36  Probe (Chrono Boost)  
  16  0:43  Probe (Chrono Boost)  
  16  0:47  Gateway  
  17  0:51  Probe  
  18  1:03  Probe (Chrono Boost)  
  19  1:12  Probe (Chrono Boost)  
  19  1:17  Probe (Chrono Boost)  
  21  1:27  Nexus  
  21  1:37  Cybernetics Core  
  21  1:40  Probe  
  21  1:45  Assimilator  
  22  1:51  Pylon  
  22  1:54  Probe  
  23  2:09  Probe (Chrono Boost)  
  23  2:13  Adept  
  23  2:14  Stargate  
  26  2:18  Warp Gate  
  26  2:21  Probe (Chrono Boost)  
  27  2:29  Probe (Chrono Boost)  
  29  2:39  Probe (Chrono Boost)  
  29  2:40  Probe (Chrono Boost)  
  32  2:48  Probe (Chrono Boost)  
  32  2:50  Probe (Chrono Boost)  
  34  2:55  Probe  
  35  3:00  Probe  
  35  3:03  Void Ray (Chrono Boost)  
  40  3:06  Pylon  
  40  3:08  Probe  
  40  3:12  Probe  
  40  3:14  Gateway  
  40  3:20  Probe  
  40  3:24  Probe  
  42  3:32  Oracle, Probe  
  46  3:36  Probe  
  47  3:42  Nexus  
  47  3:45  Pylon  
  48  3:49  Probe (Chrono Boost)  
  48  3:50  Probe (Chrono Boost)  
  48  3:52  Assimilator  
  48  3:55  Assimilator  
  49  4:01  Probe (Chrono Boost)  
  51  4:05  Probe (Chrono Boost)  
  51  4:06  Probe (Chrono Boost)  
  51  4:07  Twilight Council  
  52  4:10  Forge  
  52  4:17  Probe x2  
  54  4:23  Robotics Facility  
  54  4:24  Gateway  
  54  4:27  Protoss Ground Weapons Level 1  
  54  4:29  Probe x2  
  56  4:33  Adept  
  56  4:34  Adept  
  60  4:39  Pylon  
  60  4:41  Blink (Chrono Boost)  
  60  4:44  Probe x2  
  62  4:55  Probe  
  62  4:56  Probe x2  
  65  5:04  Gateway  
  65  5:05  Gateway  
  65  5:08  Probe (Chrono Boost)  
  65  5:11  Probe (Chrono Boost)  
  65  5:12  Probe (Chrono Boost)  
  68  5:18  Warp Prism (Chrono Boost)  
  68  5:20  Probe (Chrono Boost)  
  71  5:24  Probe x2 (Chrono Boost)  
  71  5:25  Probe (Chrono Boost)  
  74  5:32  Probe  
  74  5:33  Probe  
  74  5:35  Probe  
  75  5:38  Gateway  
  75  5:39  Gateway  
  75  5:43  Gateway  
  75  5:46  Photon Cannon  
  75  5:47  Stalker x2  
  75  5:48  Observer  
  80  5:51  Probe  
  80  5:53  Stalker  
  80  5:56  Pylon  
  79  6:09  Probe x3  
  82  6:12  Assimilator x2  
  82  6:14  Observer  
  83  6:18  Stalker x5  
  83  6:22  Stalker x5  
  93  6:27  Pylon  
  93  6:28  Templar Archives  
  93  6:31  Protoss Ground Weapons Level 2 (Chrono Boost)  
  93  6:36  Observer  
  93  6:45  Probe x3  
  93  6:46  Pylon  
  96  6:47  Pylon  
  96  6:49  Pylon  
  96  6:51  Pylon  
  96  7:06  Stalker x8  
  112  7:15  Nexus  
  112  7:19  Photon Cannon, Shield Battery  
  112  7:21  Pylon  
  112  7:22  Psionic Storm  
  112  7:23  Charge  
  112  7:33  High Templar x4  
  112  7:35  Zealot x2  
  112  7:36  Zealot  
  112  7:37  Zealot  
  128  7:41  Probe x3  
  131  7:45  Nexus  
  131  7:48  Immortal (Chrono Boost)  
  131  7:53  Probe  
  136  8:00  Probe x2  
  136  8:02  Photon Cannon  
  136  8:04  Pylon  
  136  8:05  Probe  
  139  8:10  High Templar  
  139  8:12  High Templar x2  
  141  8:13  Immortal  
  140  8:21  Probe  
  140  8:22  Probe x2  
  140  8:23  Photon Cannon  
  145  8:30  Assimilator  
  145  8:32  Stalker x3  
  145  8:33  Probe  
  146  8:35  Assimilator, Probe x2  
  146  8:39  Photon Cannon x2  
  146  8:42  Protoss Air Weapons Level 1  
  146  8:45  Probe  
  147  8:52  Stalker  
  149  8:57  Immortal  
  149  9:00  Robotics Facility  
  157  9:05  Photon Cannon, Shield Battery  
  157  9:09  Stargate  
  153  9:11  Protoss Ground Weapons Level 3 (Chrono Boost)  
  153  9:14  Fleet Beacon  
  153  9:18  Photon Cannon  
  153  9:19  Pylon  
  153  9:23  Stalker  
  155  9:26  Zealot x2  
  155  9:28  Observer  
  159  9:38  Stargate  
  159  9:39  Warp Prism  
  159  9:43  Pylon x2  
  161  9:47  Pylon  
  161  9:56  Immortal (Chrono Boost)  
  165  10:03  Carrier x2 (Chrono Boost)  
  177  10:08  Shield Battery  
  177  10:11  Zealot x5  
  187  10:17  Observer  
  187  10:19  Photon Cannon  
  187  10:20  Robotics Bay  
  185  10:24  Archon  
  185  10:27  Zealot x2  
  185  10:28  Zealot  
  185  10:36  Immortal (Chrono Boost)  
  185  10:40  Carrier (Chrono Boost)  
  171  10:46  Zealot x3  
  175  10:58  Carrier (Chrono Boost)  
  175  11:04  Photon Cannon  
  175  11:05  Photon Cannon  
  175  11:06  Shield Battery  
  175  11:08  Disruptor x2 (Chrono Boost)  
  181  11:13  Photon Cannon  
  181  11:14  Photon Cannon  
  181  11:17  Pylon  
  147  11:28  Probe x4  
  147  11:32  High Templar x4  
  155  11:33  High Templar  
  155  11:34  High Templar  
  151  11:46  Carrier (Chrono Boost)  
  147  11:51  Archon x3  
  147  11:52  Archon  
  153  11:54  Void Ray (Chrono Boost)  
  127  12:05  High Templar  
  127  12:06  Zealot  
  127  12:07  Zealot x5, High Templar  
  142  12:11  Carrier (Chrono Boost)  
  147  12:17  Pylon  
  147  12:28  Nexus  
  148  12:38  Observer (Chrono Boost)  
  148  12:43  Observer (Chrono Boost)  
  148  12:46  Carrier  
  148  12:49  Zealot x2  
  148  12:50  Zealot x4  
  145  12:55  Observer (Chrono Boost)  
  128  13:03  Probe x3  
  125  13:08  Disruptor (Chrono Boost)  
  128  13:15  Probe x2  
  128  13:19  Disruptor (Chrono Boost)  
  133  13:22  Pylon  
  133  13:27  Pylon  
  133  13:39  Probe x2  
  134  13:46  Disruptor (Chrono Boost)  
  134  13:48  Disruptor (Chrono Boost)  
  135  13:53  Zealot, High Templar  
  135  13:54  Zealot x3  
Tags
 
Add a new tag
Caveats
  • Supply blocks, unpowered buildings, or Contaminate may cause inaccurate times.
  • Supply counts are checked every 10 seconds.